 Dungeon Crawl Stone Soup version 0.17.1-3-g152610e (webtiles) character file.

70 jacquesderrida the Caller (level 4, 0/27 HPs)
             Began as a High Elf Summoner on Apr 5, 2016.
             Was an Initiate of Okawaru.
             Killed by divine providence
             ... invoked by an orc priest
              (11 damage)
             ... on level 4 of the Dungeon.
             The game lasted 00:06:25 (1042 turns).

jacquesderrida the Caller (High Elf Summoner)       Turns: 1042, Time: 00:06:25

Health: 0/27       AC:  1    Str: 10    XL:     4   Next: 4%
Magic:  1/8        EV: 12    Int: 19    God:    Okawaru [......]
Gold:   77         SH:  0    Dex: 15    Spells: 3 memorised, 1 level left

rFire  . . .     SeeInvis +     j - +0 short sword (venom)
rCold  . . .     Clarity  .     a - +0 robe
rNeg   . . .     SustAt   .     (no shield)
rPois  .         Gourm    .     (no helmet)
rElec  .         Spirit   .     (no cloak)
rCorr  .         Warding  .     (no gloves)
rMut   .         Stasis   .     (no boots)
MR     .....                    (no amulet)
Stlth  ++........               (no ring)
                                o - ring of see invisible

@: not resistant to hostile enchantments, unstealthy
A: blurry vision 1, deformed body, strong 1
a: Renounce Religion


You were on level 4 of the Dungeon.
You worshipped Okawaru.
Okawaru was noncommittal.
You were hungry.

You visited 1 branch of the dungeon, and saw 4 of its levels.

You collected 77 gold pieces.

Inventory:

Hand Weapons
 d - a +0 dagger
 j - a +0 short sword of venom (weapon)
Armour
 a - a +0 robe (worn)
 l - a +0 leather armour
Jewellery
 o - a ring of see invisible (left hand)
Scrolls
 e - 3 scrolls of identify {unknown}
 f - a scroll of noise {unknown}
 h - a scroll of teleportation {unknown}
Potions
 n - a potion of haste {unknown}
 p - a potion of might {unknown}
Books
 b - a book of Callings

   Spells                             Type                      Level
   a - Summon Small Mammal            Summoning                    1
   b - Call Imp                       Summoning                    2
   c - Call Canine Familiar           Summoning                    3
   d - Summon Guardian Golem          Hexes/Summoning              3
   e - Summon Lightning Spire         Summoning/Air                4
   f - Summon Ice Beast               Ice/Summoning                4
Comestibles
 c - 3 bread rations
 i - a beef jerky
 m - a slice of pizza


   Skills:
 - Level 2.1 Dodging
 - Level 2.1 Stealth
 - Level 2.4 Spellcasting
 + Level 5.1 Summonings


You had one spell level left.
You knew the following spells:

 Your Spells              Type           Power        Failure   Level  Hunger
a - Summon Small Mammal   Summ           ###.         1%          1    #......
b - Call Imp              Summ           ###.....     3%          2    ##.....
c - Call Canine Familiar  Summ           ###.....     8%          3    ###....


Dungeon Overview and Level Annotations

Branches:
Dungeon (4/15)
 Temple: D:4-7

Altars:
Okawaru
Trog


Innate Abilities, Weirdness & Mutations

Scrolls take you a little longer to read.
Armour fits poorly on your strangely shaped body.
Your muscles are strong. (Str +2)


Message History

The orc priest closely misses you.
Your hound misses the orc priest.
Unknown command.
You closely miss the orc priest.
The orc priest is lightly wounded.
Your hound closely misses the orc priest.
The orc priest barely misses you.
Unknown command.
You hit the orc priest but do no damage.
The orc priest is poisoned.
The orc priest is lightly wounded.
Your hound barely misses the orc priest.
Your hound bites the orc priest.
The orc priest hits you with a falchion.
Unknown command.
You hit the orc priest but do no damage.
The orc priest is moderately wounded.
Your hound bites the orc priest but does no damage.
The orc priest mumbles some strange prayers to Beogh against you.
Something smites you!
You die...

#. ### #.
...## #. .Z...
#. o.....
#$###.O....
#..5.....#
###.##.###
######.#
#@oZ..#.......
#h####.##.###.
#5# .# # #.#
.# #.# .# #.#
.# #.# .) #.#
## #.#


You could see an orc priest, an adder skeleton, a friendly hound and a friendly
shadow imp.

Vanquished Creatures
  A gnoll (D:4)
  An ooze (D:1)
  A bat (D:3)
  A goblin (D:2)
  A kobold (D:3)
  A quokka (D:3)
  2 giant newts
  A rat (D:2)
9 creatures vanquished.

Vanquished Creatures (collateral kills)
  An orc priest (D:3)
  An adder (D:2)
  An ooze (D:2)
  2 worms
  A giant gecko (D:1)
  7 orcs (D:3)
  3 giant cockroaches
  3 goblins
  3 hobgoblins
  5 bats
  2 kobolds (D:2)
  2 rats
31 creatures vanquished.

Grand Total: 40 creatures vanquished

Notes
Turn   | Place    | Note
--------------------------------------------------------------
     0 | D:1      | jacquesderrida the High Elf Summoner began the quest for the Orb.
     0 | D:1      | Reached XP level 1. HP: 11/11 MP: 4/4
   242 | D:1      | Reached skill level 4 in Summonings
   333 | D:1      | Reached XP level 2. HP: 9/17 MP: 3/6
   340 | D:1      | Learned a level 2 spell: Call Imp
   559 | D:3      | Found an iron altar of Okawaru.
   567 | D:3      | Became a worshipper of Warmaster Okawaru
   636 | D:3      | Reached XP level 3. HP: 13/21 MP: 0/7
   748 | D:2      | Learned a level 3 spell: Call Canine Familiar
   918 | D:3      | Found a bloodstained altar of Trog.
   936 | D:3      | Reached skill level 5 in Summonings
  1015 | D:4      | Noticed an ogre
  1029 | D:4      | Reached XP level 4. HP: 25/27 MP: 3/8
  1032 | D:4      | Gained mutation: Your muscles are strong. (Str +2) [potion of mutation]
  1032 | D:4      | Gained mutation: Armour fits poorly on your strangely shaped body. [potion of mutation]
  1032 | D:4      | Gained mutation: Scrolls take you a little longer to read. [potion of mutation]
  1042 | D:4      | Killed from afar by an orc priest

Action                   |  1- 3 |  4- 6 || total
-------------------------+-------+-------++-------
Melee: Dagger            |     9 |       ||     9
       Short sword       |    24 |     6 ||    30
 Cast: Summon Small Mamm |    12 |       ||    12
       Call Imp          |    18 |       ||    18
       Call Canine Famil |     2 |     1 ||     3
  Use: Potion            |       |     2 ||     2
 Stab: Distracted        |     1 |       ||     1
       Sleeping          |     2 |       ||     2
  Eat: Chunk             |     1 |       ||     1
